HSSL
SPANISH FORK HS @ ROCKY POINT HS EAGLES
04/17/2024
 
TOP OF THE 1ST
Spanish Fork HS batting - Pitching for Rocky Point HS Eagles : RHP Arthur López
Pitching: RHP Arthur López
Batting: SHB Joaquín Mercado 0-0: Called Strike
0-1: SINGLE (Groundball, 56D)
Batting: RHB Mark Whiffen 0-0: Ball
1-0: Called Strike
1-1: Swinging Strike
1-2: Strikes out swinging
Batting: RHB Javier Ortíz 0-0: Foul Ball, location: 2F
0-1: Called Strike
0-2: Ball
1-2: Foul Ball, location: 2F
1-2: Foul Ball, location: 2F
1-2: Fielders Choice at 2nd, 5-4 (Groundball, 56)
Batting: RHB Jim Jones 0-0: Called Strike
0-1: Called Strike
0-2: Ground out 5-3 (Groundball, 56)
Top of the 1st over - 0 run(s), 1 hit(s), 0 error(s), 1 left on base; Spanish Fork HS 0 - Rocky Point HS 0
BOTTOM OF THE 1ST
Rocky Point HS Eagles batting - Pitching for Spanish Fork HS : RHP Mike Fisher
Pitching: RHP Mike Fisher
Batting: RHB Joe Lewis 0-0: Ball
1-0: Ball
2-0: Foul Ball, location: 2F
2-1: SINGLE (Popup, 4D)
Batting: LHB Will Robinson 0-0: Ball
1-0: Ball
2-0: Ball
3-0: Base on Balls
Joe Lewis to second
Batting: SHB Josh Conner 0-0: Ball
1-0: Called Strike
1-1: Foul Ball, location: 2F
1-2: Fly out, F9 (Line Drive, 9M)
Batting: RHB Jason Fuller 0-0: Ball
1-0: SINGLE (Flyball, 7S)
Joe Lewis to third
Will Robinson to second
Runner from 3rd tries for Home, SAFE, no throw or cutoff
Batting: SHB Jean-François St-Amant 0-0: Ball
1-0: Called Strike
1-1: Foul Ball, location: 2F
1-2: Ball
2-2: Foul Ball, location: 2F
2-2: Fly out, F8 (Flyball, 8RM)
Batting: RHB Jim Sharry 0-0: Ball
1-0: Foul Ball, location: 2F
1-1: Fly out, F8 (Flyball, 8LS)
Bottom of the 1st over - 1 run(s), 2 hit(s), 0 error(s), 2 left on base; Spanish Fork HS 0 - Rocky Point HS 1
TOP OF THE 2ND
Spanish Fork HS batting - Pitching for Rocky Point HS Eagles : RHP Arthur López
Batting: RHB Steve Meyers 0-0: Swinging Strike
0-1: Ball
1-1: Called Strike
1-2: Strikes out swinging
Batting: LHB Mal Jiménez 0-0: SINGLE (Groundball, 3S) (infield hit)
Batting: LHB Joe Joyce 0-0: Ball
1-0: Foul Ball, location: 2F
1-1: Ball
2-1: Foul Ball, location: 2F
2-2: Foul Ball, location: 2F
2-2: Strikes out looking
Batting: RHB Peter Jones 0-0: Called Strike
0-1: Ball
1-1: Foul Ball, location: 2F
1-2: Fly out, F7 (Flyball, 7M)
Top of the 2nd over - 0 run(s), 1 hit(s), 0 error(s), 1 left on base; Spanish Fork HS 0 - Rocky Point HS 1
BOTTOM OF THE 2ND
Rocky Point HS Eagles batting - Pitching for Spanish Fork HS : RHP Mike Fisher
Batting: SHB Ralph Marshall 0-0: Ground out 6-3 (Groundball, 6MS)
Batting: LHB Tom York 0-0: Foul Ball, location: 2F
0-1: Ball
1-1: Swinging Strike
1-2: Foul Ball, location: 2F
1-2: Fly out, F5 (Popup, 25)
Batting: RHB Bill Bourland 0-0: Ball
1-0: Called Strike
1-1: Foul Ball, location: 2F
1-2: Foul Ball, location: 2F
1-2: Ball
2-2: Foul Ball, location: 2F
2-2: SINGLE (Groundball, 4)
Batting: RHB Joe Lewis 0-0: Swinging Strike
0-1: Ball
1-1: Ball
2-1: Fly out, F5 (Popup, 5F)
Bottom of the 2nd over - 0 run(s), 1 hit(s), 0 error(s), 1 left on base; Spanish Fork HS 0 - Rocky Point HS 1
TOP OF THE 3RD
Spanish Fork HS batting - Pitching for Rocky Point HS Eagles : RHP Arthur López
Batting: RHB Ray Hernández 0-0: Ball
1-0: Ball
2-0: Ball
3-0: Base on Balls
Batting: SHB Joaquín Mercado 0-0: Ball
1-0: Ball
2-0: Foul Ball, location: 2F
2-1: Foul Ball, location: 2F
2-2: SINGLE (Line Drive, 6)
Ray Hernández to second
Batting: RHB Mark Whiffen 0-0: Swinging Strike
0-1: Called Strike
0-2: Grounds into double play, 6-4-3 (Groundball, 6)
Ray Hernández to third
Batting: RHB Javier Ortíz 0-0: Called Strike
0-1: Ball
1-1: Fly out, F5 (Line Drive, 5)
Top of the 3rd over - 0 run(s), 1 hit(s), 0 error(s), 1 left on base; Spanish Fork HS 0 - Rocky Point HS 1
BOTTOM OF THE 3RD
Rocky Point HS Eagles batting - Pitching for Spanish Fork HS : RHP Mike Fisher
Batting: LHB Will Robinson 0-0: Called Strike
0-1: Foul Ball, location: 2F
0-2: Ball
1-2: Foul Ball, location: 2F
1-2: Foul Ball, location: 2F
1-2: Fly out, F7 (Flyball, 7S)
Batting: SHB Josh Conner 0-0: Called Strike
0-1: Ball
1-1: Foul Ball, location: 2F
1-2: Strikes out swinging
Batting: RHB Jason Fuller 0-0: Ball
1-0: Ball
2-0: Called Strike
2-1: Foul Ball, location: 2F
2-2: Foul Ball, location: 2F
2-2: Foul Ball, location: 2F
2-2: SINGLE (Line Drive, 6D)
Batting: SHB Jean-François St-Amant 0-0: Reached on error, E4 (Groundball, 4)
Jason Fuller to second
Batting: RHB Jim Sharry 0-0: DOUBLE (Line Drive, 7LS)
Jason Fuller scores
Jean-François St-Amant to third
Batting: SHB Ralph Marshall 0-0: Ball
1-0: Called Strike
1-1: Ball
2-1: Ball
3-1: Base on Balls
Batting: LHB Tom York 0-0: Called Strike
0-1: Ball
1-1: Foul Ball, location: 2F
1-2: Foul Ball, location: 2F
1-2: Strikes out swinging
Bottom of the 3rd over - 1 run(s), 2 hit(s), 1 error(s), 3 left on base; Spanish Fork HS 0 - Rocky Point HS 2
TOP OF THE 4TH
Spanish Fork HS batting - Pitching for Rocky Point HS Eagles : RHP Arthur López
Batting: RHB Jim Jones 0-0: Fly out, F9 (Flyball, 9M)
Batting: RHB Steve Meyers 0-0: SINGLE (Groundball, 34D)
Batting: LHB Mal Jiménez 0-0: Ball
1-0: Called Strike
1-1: Ball
2-1: Ball
3-1: 2-RUN HOME RUN (Line Drive, 89XD), Distance : 421 ft
Batting: LHB Joe Joyce 0-0: Called Strike
0-1: Ball
1-1: Ground out 5-3 (Groundball, 5S)
Batting: RHB Peter Jones 0-0: Called Strike
0-1: Ball
1-1: Ball
2-1: Ball
3-1: Ground out 2-3 (Groundball, 25)
Top of the 4th over - 2 run(s), 2 hit(s), 0 error(s), 0 left on base; Spanish Fork HS 2 - Rocky Point HS 2
BOTTOM OF THE 4TH
Rocky Point HS Eagles batting - Pitching for Spanish Fork HS : RHP Mike Fisher
Batting: RHB Bill Bourland 0-0: Ball
1-0: Called Strike
1-1: Ball
2-1: Foul Ball, location: 2F
2-2: Ground out 5-3 (Groundball, 15S)
Batting: RHB Joe Lewis 0-0: Swinging Strike
0-1: Ball
1-1: Called Strike
1-2: Strikes out looking
Batting: LHB Will Robinson 0-0: Called Strike
0-1: Ball
1-1: Swinging Strike
1-2: SINGLE (Flyball, 89S)
Pitching: LHP Bob Taylor
Batting: SHB Josh Conner 0-0: Ball
1-0: Called Strike
1-1: Called Strike
1-2: Ball
Will Robinson steals 2nd base
2-2: Ball
3-2: Base on Balls
Batting: RHB Jason Fuller 0-0: Ball
1-0: Swinging Strike
1-1: Called Strike
1-2: Ball
2-2: Fly out, F5 (Popup, 15)
Bottom of the 4th over - 0 run(s), 1 hit(s), 0 error(s), 2 left on base; Spanish Fork HS 2 - Rocky Point HS 2
TOP OF THE 5TH
Spanish Fork HS batting - Pitching for Rocky Point HS Eagles : RHP Arthur López
Batting: RHB Ray Hernández 0-0: Called Strike
0-1: Ball
1-1: Ball
2-1: Foul Ball, location: 2F
2-2: Strikes out swinging
Batting: SHB Joaquín Mercado 0-0: Called Strike
0-1: Called Strike
0-2: Foul Ball, location: 2F
0-2: Ball
1-2: Ball
2-2: Strikes out swinging
Batting: RHB Mark Whiffen 0-0: Ball
1-0: Foul Ball, location: 2F
1-1: Fly out, F5 (Popup, 5F)
Top of the 5th over - 0 run(s), 0 hit(s), 0 error(s), 0 left on base; Spanish Fork HS 2 - Rocky Point HS 2
BOTTOM OF THE 5TH
Rocky Point HS Eagles batting - Pitching for Spanish Fork HS : LHP Bob Taylor
Batting: SHB Jean-François St-Amant 0-0: Called Strike
0-1: SOLO HOME RUN (Flyball, 7LD), Distance : 345 ft
Batting: RHB Jim Sharry 0-0: Swinging Strike
0-1: Foul Ball, location: 2F
0-2: Ball
1-2: Ball
2-2: Strikes out swinging
Batting: SHB Ralph Marshall 0-0: Ground out 5-3 (Groundball, 5)
Batting: LHB Tom York 0-0: Fly out, F2 (Popup, 2LF)
Bottom of the 5th over - 1 run(s), 1 hit(s), 0 error(s), 0 left on base; Spanish Fork HS 2 - Rocky Point HS 3
TOP OF THE 6TH
Spanish Fork HS batting - Pitching for Rocky Point HS Eagles : RHP Arthur López
Batting: RHB Javier Ortíz 0-0: Ball
1-0: Ball
2-0: Ball
3-0: Called Strike
3-1: Foul Ball, location: 2F
3-2: Foul Ball, location: 2F
3-2: Strikes out looking
Pitching: RHP Matt Taylor
Batting: RHB Jim Jones 0-0: Called Strike
0-1: Foul Ball, location: 2F
0-2: Ball
1-2: Strikes out swinging
Batting: RHB Steve Meyers 0-0: Ground out 1-3 (Groundball, 15S)
Top of the 6th over - 0 run(s), 0 hit(s), 0 error(s), 0 left on base; Spanish Fork HS 2 - Rocky Point HS 3
BOTTOM OF THE 6TH
Rocky Point HS Eagles batting - Pitching for Spanish Fork HS : LHP Bob Taylor
Batting: RHB Bill Bourland 0-0: Called Strike
0-1: Ball
1-1: Ground out 5-3 (Groundball, 56)
Batting: RHB Joe Lewis 0-0: Ball
1-0: Ball
2-0: Called Strike
2-1: Swinging Strike
2-2: Foul Ball, location: 2F
2-2: SINGLE (Line Drive, 9LM)
Batting: LHB Will Robinson 0-0: Swinging Strike
0-1: Called Strike
0-2: Strikes out looking
Batting: SHB Josh Conner 0-0: Ball
1-0: SINGLE (Groundball, 56D)
Joe Lewis to second
Batting: RHB Jason Fuller 0-0: Ball
1-0: SINGLE (Groundball, 56)
Joe Lewis to third
Josh Conner to second
Runner from 3rd tries for Home, SAFE, throw made home
Batting: SHB Jean-François St-Amant 0-0: Foul Ball, location: 2F
0-1: SINGLE (Line Drive, 56D)
Josh Conner to third
Jason Fuller to second
Runner from 3rd tries for Home, SAFE, throw made home
Batting: RHB Jim Sharry 0-0: Called Strike
0-1: Foul Ball, location: 2F
0-2: Strikes out looking
Bottom of the 6th over - 2 run(s), 4 hit(s), 0 error(s), 2 left on base; Spanish Fork HS 2 - Rocky Point HS 5
TOP OF THE 7TH
Spanish Fork HS batting - Pitching for Rocky Point HS Eagles : RHP Matt Taylor
Batting: LHB Mal Jiménez 0-0: Ball
1-0: Swinging Strike
1-1: Swinging Strike
1-2: Ball
2-2: Foul Ball, location: 2F
2-2: Strikes out swinging
Batting: LHB Joe Joyce 0-0: DOUBLE (Flyball, 78M)
Batting: RHB Peter Jones 0-0: Called Strike
0-1: Ball
1-1: Ball
2-1: Ball
3-1: Foul Ball, location: 2F
3-2: Foul Ball, location: 2F
3-2: Base on Balls
Batting: RHB Ray Hernández 0-0: Ball
1-0: Called Strike
1-1: Swinging Strike
1-2: Ball
2-2: Foul Ball, location: 2F
2-2: Ball
3-2: Strikes out swinging
Batting: SHB Joaquín Mercado 0-0: Called Strike
0-1: Swinging Strike
0-2: Strikes out swinging
Top of the 7th over - 0 run(s), 1 hit(s), 0 error(s), 2 left on base; Spanish Fork HS 2 - Rocky Point HS 5
BOTTOM OF THE 7TH
Rocky Point HS Eagles batting - Pitching for Spanish Fork HS : LHP Bob Taylor
Pitching: RHP Paul Turberville
Batting: SHB Ralph Marshall 0-0: Ball
1-0: Foul Ball, location: 2F
1-1: Ball
2-1: Ball
3-1: Called Strike
3-2: Strikes out swinging
Batting: LHB Tom York 0-0: Hit by Pitch
Batting: RHB Bill Bourland 0-0: Ball
Tom York is caught stealing 2nd base
1-0: Called Strike
1-1: Foul Ball, location: 2F
1-2: Strikes out looking
Bottom of the 7th over - 0 run(s), 0 hit(s), 0 error(s), 0 left on base; Spanish Fork HS 2 - Rocky Point HS 5
TOP OF THE 8TH
Spanish Fork HS batting - Pitching for Rocky Point HS Eagles : RHP Matt Taylor
Batting: RHB Mark Whiffen 0-0: Called Strike
0-1: Ball
1-1: Ground out U3 (Groundball, 3L)
Pitching: RHP Chet Miller
Batting: RHB Javier Ortíz 0-0: Ball
1-0: DOUBLE (Line Drive, 7LS)
Pitching: RHP Roy Jordan
Batting: RHB Jim Jones 0-0: Reached on error, E3 (Groundball, 3)
Javier Ortíz to third
Batting: RHB Steve Meyers 0-0: SINGLE (Line Drive, 6)
Javier Ortíz scores
Jim Jones to second
Batting: LHB Mal Jiménez 0-0: Fielders Choice at 2nd, 4-6 (Groundball, 4)
Jim Jones to third
Batting: LHB Joe Joyce 0-0: Called Strike
0-1: Ball
1-1: Fly out, F3 (Popup, 34S)
Top of the 8th over - 1 run(s), 2 hit(s), 1 error(s), 2 left on base; Spanish Fork HS 3 - Rocky Point HS 5
BOTTOM OF THE 8TH
Rocky Point HS Eagles batting - Pitching for Spanish Fork HS : RHP Paul Turberville
Batting: RHB Joe Lewis 0-0: Foul Ball, location: 2F
0-1: Ball
1-1: Foul Ball, location: 2F
1-2: Strikes out swinging
Batting: LHB Will Robinson 0-0: Ball
1-0: Ball
2-0: Called Strike
2-1: Fly out, F6 (Popup, 4MD)
Batting: SHB Josh Conner 0-0: Ball
1-0: Called Strike
1-1: Ball
2-1: Ball
3-1: Called Strike
3-2: Strikes out looking
Bottom of the 8th over - 0 run(s), 0 hit(s), 0 error(s), 0 left on base; Spanish Fork HS 3 - Rocky Point HS 5
TOP OF THE 9TH
Spanish Fork HS batting - Pitching for Rocky Point HS Eagles : RHP Roy Jordan
Pitching: LHP John Anthony
Batting: RHB Peter Jones 0-0: Ball
1-0: Ground out 6-3 (Groundball, 6)
Batting: RHB Ray Hernández 0-0: Called Strike
0-1: Foul Ball, location: 2F
0-2: Ball
1-2: Ball
2-2: Foul Ball, location: 2F
2-2: Fly out, F7 (Line Drive, 78S)
Batting: SHB Joaquín Mercado 0-0: Ball
1-0: Foul Ball, location: 2F
1-1: SINGLE (Line Drive, 4D)
Batting: RHB Mark Whiffen 0-0: Ball
1-0: 2-RUN HOME RUN (Flyball, 7D), Distance : 374 ft
Batting: RHB Javier Ortíz 0-0: Ball
1-0: Ball
2-0: Called Strike
2-1: Foul Ball, location: 2F
2-2: Fly out, F9 (Flyball, 89M)
Top of the 9th over - 2 run(s), 2 hit(s), 0 error(s), 0 left on base; Spanish Fork HS 5 - Rocky Point HS 5
BOTTOM OF THE 9TH
Rocky Point HS Eagles batting - Pitching for Spanish Fork HS : RHP Paul Turberville
Batting: RHB Jason Fuller 0-0: Ball
1-0: Swinging Strike
1-1: Ball
2-1: Swinging Strike
2-2: Strikes out looking
Batting: SHB Jean-François St-Amant 0-0: Ball
1-0: Called Strike
1-1: Foul Ball, location: 2F
1-2: Foul Ball, location: 2F
1-2: Ground out 1-3 (Groundball, 15)
Batting: RHB Jim Sharry 0-0: Ball
1-0: Ball
2-0: SINGLE (Groundball, 6MD)
Batting: SHB Ralph Marshall 0-0: Swinging Strike
0-1: Ball
Jim Sharry steals 2nd base
1-1: Foul Ball, location: 2F
1-2: Ball
2-2: Strikes out swinging
Bottom of the 9th over - 0 run(s), 1 hit(s), 0 error(s), 1 left on base; Spanish Fork HS 5 - Rocky Point HS 5
TOP OF THE 10TH
Spanish Fork HS batting - Pitching for Rocky Point HS Eagles : LHP John Anthony
Batting: RHB Jim Jones 0-0: Ball
1-0: Swinging Strike
1-1: Swinging Strike
1-2: Strikes out swinging
Batting: RHB Steve Meyers 0-0: Swinging Strike
0-1: Ball
1-1: Called Strike
1-2: Ball
2-2: Foul Ball, location: 2F
2-2: Ball
3-2: Base on Balls
Batting: LHB Mal Jiménez 0-0: Fielders Choice at 2nd, 4-6 (Groundball, 34)
Batting: LHB Joe Joyce 0-0: Called Strike
Mal Jiménez steals 2nd base
0-1: Ball
Reached via error on a dropped throw, E3
Mal Jiménez to third
Batting: RHB Peter Jones 0-0: Ball
1-0: Ball
2-0: Ball
3-0: Base on Balls
Joe Joyce to second
Batting: RHB Ray Hernández 0-0: Called Strike
0-1: Called Strike
0-2: Ball
1-2: Ball
2-2: Foul Ball, location: 2F
2-2: Foul Ball, location: 2F
2-2: Strikes out swinging
Top of the 10th over - 0 run(s), 0 hit(s), 1 error(s), 3 left on base; Spanish Fork HS 5 - Rocky Point HS 5
BOTTOM OF THE 10TH
Rocky Point HS Eagles batting - Pitching for Spanish Fork HS : RHP Paul Turberville
Batting: LHB Tom York 0-0: Called Strike
0-1: Ball
1-1: Swinging Strike
1-2: Strikes out swinging
Pitching: RHP Merlin Baker
Batting: RHB Bill Bourland 0-0: Called Strike
0-1: Ball
1-1: Ball
2-1: Ball
3-1: Fly out, F7 (Flyball, 7M)
Batting: RHB Joe Lewis 0-0: Fly out, F9 (Flyball, 9LM)
Bottom of the 10th over - 0 run(s), 0 hit(s), 0 error(s), 0 left on base; Spanish Fork HS 5 - Rocky Point HS 5
TOP OF THE 11TH
Spanish Fork HS batting - Pitching for Rocky Point HS Eagles : LHP John Anthony
Pitching: RHP Clay Daniels
Batting: SHB Joaquín Mercado 0-0: Ball
1-0: Foul Ball, location: 2F
1-1: Fly out, F6 (Popup, 6MD)
Batting: RHB Mark Whiffen 0-0: Ball
1-0: Ball
2-0: SINGLE (Groundball, 4)
Batting: RHB Javier Ortíz 0-0: Called Strike
0-1: Swinging Strike
0-2: Ball
1-2: DOUBLE (Line Drive, 7LM)
Mark Whiffen to third
Batting: RHB Jim Jones 0-0: Called Strike
0-1: DOUBLE (Line Drive, 89M)
Mark Whiffen scores
Javier Ortíz scores
Batting: RHB Steve Meyers 0-0: Intentional Walk
Batting: LHB Mal Jiménez 0-0: Ball
1-0: Called Strike
1-1: Foul Ball, location: 2F
1-2: Ball
2-2: Strikes out swinging
Batting: LHB Joe Joyce 0-0: Ball
1-0: Ball
2-0: Swinging Strike
2-1: Ball
3-1: Base on Balls
Jim Jones to third
Steve Meyers to second
Batting: RHB Peter Jones 0-0: Called Strike
0-1: Fly out, F8 (Flyball, 8RM)
Top of the 11th over - 2 run(s), 3 hit(s), 0 error(s), 3 left on base; Spanish Fork HS 7 - Rocky Point HS 5
BOTTOM OF THE 11TH
Rocky Point HS Eagles batting - Pitching for Spanish Fork HS : RHP Merlin Baker
Batting: LHB Will Robinson 0-0: Called Strike
0-1: Ball
1-1: Foul Ball, location: 2F
1-2: Foul Ball, location: 2F
1-2: Ball
2-2: Foul Ball, location: 2F
2-2: Reached on error, E5 (Groundball, 56)
Batting: SHB Josh Conner 0-0: Called Strike
0-1: Ground out 5-3 (Groundball, 56S)
Will Robinson to second
Batting: RHB Jason Fuller 0-0: Swinging Strike
0-1: Fly out, F8 (Flyball, 89S)
Now in CF: Ron Newcombe
Batting: SHB Jean-François St-Amant 0-0: Called Strike
0-1: Called Strike
0-2: Foul Ball, location: 2F
0-2: Ball
1-2: Strikes out looking
Bottom of the 11th over - 0 run(s), 0 hit(s), 1 error(s), 1 left on base; Spanish Fork HS 7 - Rocky Point HS 5
This league is powered by Out of the Park Baseball, the baseball management simulation game for PC, Mac and Linux
Saturday, April 9th, 2016 - OOTP Baseball 16.8 Build 38